 Dungeon Crawl Stone Soup version 0.29-a0-284-gf9362112df (webtiles) character file.

Game seed: 3093978036837395265

437 rabbitsville the Magician (level 7, -20/45 HPs)
             Began as a Djinni Earth Elementalist on Mar 28, 2022.
             Demolished by an ogre
             ... wielding a +0 giant club
              (31 damage)
             ... on level 5 of the Dungeon.
             The game lasted 00:13:15 (4750 turns).

rabbitsville the Magician (DjEE)                    Turns: 4750, Time: 00:13:15

Health: -20/45     AC:  2    Str:  7    XL:     7   Next: 21%
Gold:   298        EV: 13    Int: 15    God:
                   SH:  0    Dex: 14

rFire   + + +      SeeInvis .   h - +7 dagger of False Hope {vorpal, rElec rF+ rN++ Int-3}
rCold   x . .      Faith    .   (no shield)
rNeg    + + .      Spirit   .   b - +0 robe
rPois   ∞          Reflect  .   (no helmet)
rElec   +          Harm     .   (no cloak)
rCorr   .          Rampage  .   (no gloves)
Will    .....                   (boots unavailable)
Stlth   ++........              (no amulet)
HPRegen 0.15/turn               (no ring)
MPRegen 0.00/turn               (no ring)

@: flying
A: sickness immunity, fire resistance 2, cold vulnerability 1, float, innate
caster, HP casting, extra vitality 1
a: no special abilities


You were on level 5 of the Dungeon.
You visited 1 branch of the dungeon, and saw 5 of its levels.

You collected 298 gold pieces.

Inventory:

Hand Weapons
 c - a +1 antimagic short sword
 h - the +7 dagger of False Hope (weapon) {vorpal, rElec rF+ rN++ Int-3}
   (You found it on level 2 of the Dungeon)

   It inflicts extra damage upon your enemies.
   Int:       It affects your intelligence (-3).
   rF:        It protects you from fire.
   rElec:     It insulates you from electricity.
   rN:        It greatly protects you from negative energy.
Missiles
 a - 139 stones
Armour
 b - a +0 robe (worn)
Scrolls
 d - 3 scrolls of enchant weapon {unknown}
 f - a scroll of brand weapon {unknown}
 g - 7 scrolls of identify {unknown}
 i - a scroll of torment {unknown}
 n - a scroll of teleportation {unknown}
 o - a scroll of fog {unknown}
 t - a scroll of vulnerability {unknown}
Potions
 e - a potion of haste {unknown}
 j - a potion of heal wounds {unknown}
 k - a potion of cancellation {unknown}
 l - 2 potions of curing {unknown}
 m - 3 potions of degeneration {unknown}
 p - a potion of might {unknown}
 q - a potion of lignification {unknown}
 r - a potion of resistance {unknown}
 s - a potion of brilliance {unknown}


   Skills:
 + Level 2.4 Short Blades
 - Level 3.5 Dodging
 - Level 2.7 Stealth
 * Level 4.5 Spellcasting


You couldn't memorise any spells.
You knew the following spells:

 Your Spells              Type           Power      Damage    Failure   Level
a - Sandblast             Erth           34%        2d9       2%          1
b - Passwall              Tmut/Erth      14%        N/A       4%          2
c - Stone Arrow           Conj/Erth      34%        3d9       8%          3
d - Petrify               Tmut/Erth      17%        N/A       26%         4
e - Pain                  Necr           68%        1d7       2%          1
f - Ensorcelled Hibernat  Hex/Ice        34%        N/A       4%          2
g - Swiftness             Air            17%        N/A       8%          3
Your spell library was empty.

Dungeon Overview and Level Annotations

Branches:
Dungeon (5/15)
 Temple: D:4-7

Altars:
Sif Muna
The Shining One

Shops:
D:5 [

Annotations:
D:4 exclusion: 2 doors


Innate Abilities, Weirdness & Mutations

You are immune to sickness and miasma.
You are immune to poison.
Your flesh is very heat resistant. (rF++)
You are vulnerable to cold. (rC-)
You float through the air rather than walking.
You learn spells naturally, not from books.
Your magical power is your life essence.
You have superior vitality. (+4 MHP)


Message History

There is an entrance to Liry's Armour Emporium here.
Okay, then.
Unknown command.
Found a book of Necromancy.
Found a stone staircase leading down.
Found a robe.
g - 7 scrolls labelled ISUAFEOSUN (gained 1)
You now have 298 gold pieces (gained 13).
An iguana comes into view.
The iguana hisses angrily.
You hear a shout!
An ogre comes into view. It is wielding a +0 giant club.
You hit the iguana but do no damage. The iguana closely misses you.
Aiming: Sandblast (safe; 2% risk of failure)
Press: ? - help, Q - select action, (/) - cycle Shift-Dir - straight line, f - iguana
Aim: an iguana (82% to hit)
The blast of sand hits the iguana.
The iguana is lightly wounded.
The iguana closely misses you. The iguana attacks as you move away!
The iguana bites you! The iguana barely misses you.
The ogre attacks as you move away!
The ogre hits you with a +0 giant club!!
Ouch! That really hurt!
* * * LOW HITPOINT WARNING * * *
Aiming: Sandblast (safe; 2% risk of failure)
Press: ? - help, Q - select action, (/) - cycle Shift-Dir - straight line, f/p - iguana
Aim: an iguana (lightly wounded, 82% to hit)
The blast of sand hits the iguana.
The iguana is heavily wounded.
* * * LOW HITPOINT WARNING * * *
The iguana closely misses you.
Aiming: Sandblast (safe; 2% risk of failure)
Press: ? - help, Q - select action, (/) - cycle Shift-Dir - straight line, f/p - iguana
Aim: an iguana (heavily wounded, 82% to hit)
The blast of sand hits the iguana but does no damage.
The iguana is heavily wounded.
* * * LOW HITPOINT WARNING * * *
The ogre hits you with a +0 giant club!!
Ouch! That really hurt!
You die...

##.#.#..........#
...#...#######..#
##############..##
.................#
#####........##..#
##..+........##..##
.#.##........###..#
.#.##........# #..#
.#.#####'#####
#@.## ...#
#.#######lO.# ####
#.#.........#
#.#.......#.#
#.#............[.
######
#.#.........>####
.....#
#.#.............
.....#
#.#.......######
.....# #.#.......#


You could see an ogre and an iguana.

Vanquished Creatures
  Eustachio (D:4)
  2 phantoms (D:5)
  Jessica (D:3)
  An adder (D:5)
  An ufetubus (D:5)
  2 dart slugs
  6 orcs
  12 bats
  9 endoplasms
  4 giant cockroaches
  5 goblins
  7 hobgoblins
  12 jackals
  A quokka (D:2)
  7 ball pythons
  A frilled lizard (D:1)
  10 kobolds
  6 rats
88 creatures vanquished.

Vanquished Creatures (others)
  2 withered plants (D:2)
2 creatures vanquished.

Grand Total: 90 creatures vanquished

Notes
Turn   | Place    | Note
-------+----------+-------------------------------------------
     0 | D:1      | rabbitsville the Djinni Earth Elementalist began the quest
                  | for the Orb.
     0 | D:1      | Reached XP level 1. HP: 15/15 MP: 0/0
   242 | D:1      | Reached XP level 2. HP: 12/21 MP: 0/0
   575 | D:1      | Reached XP level 3. HP: 25/25 MP: 0/0
   575 | D:1      | Learned a level 1 spell: Pain
  1903 | D:2      | Identified the +7 dagger of False Hope {vorpal, rElec rF+
                  | rN++ Int-3}
  2070 | D:2      | Found a faded altar of an unknown god.
  2080 | D:2      | Reached XP level 4. HP: 26/31 MP: 0/0
  2565 | D:2      | Reached skill level 3 in Spellcasting
  2873 | D:3      | Found a glowing golden altar of the Shining One.
  2958 | D:3      | Noticed Jessica
  2965 | D:3      | Killed Jessica
  2966 | D:3      | Reached XP level 5. HP: 35/35 MP: 0/0
  2966 | D:3      | Learned a level 2 spell: Ensorcelled Hibernation
  3828 | D:4      | Noticed Eustachio
  3844 | D:4      | Killed Eustachio
  3845 | D:4      | Reached skill level 1 in Short Blades
  3845 | D:4      | Reached skill level 4 in Spellcasting
  3845 | D:4      | Reached XP level 6. HP: 22/40 MP: 0/0
  4155 | D:5      | Entered Level 5 of the Dungeon
  4582 | D:5      | Reached XP level 7. HP: 31/45 MP: 0/0
  4582 | D:5      | Learned a level 3 spell: Swiftness
  4674 | D:5      | Found Liry's Armour Emporium.
  4750 | D:5      | Demolished by an ogre

Illustrated notes

Levels and vault maps discovered:
D:1:      minmay_arrival_solitary_statue, layout_basic
D:2:      layout_loops_cross, ebering_ecumenical_altar_petrified, basic_altar,
          minmay_pentomino_p2
D:3:      layout_rooms, amcnicky_altar_gilded, grunt_decor_mini_mirrors,
          uniq_jessica
D:4:      layout_loops_cross, kennysheep_generic_room_3, uniq_eustachio
D:5:      layout_basic, serial_shops, nicolae_square_shop

Skill      XL: |  1  2  3  4  5  6 |
---------------+-------------------+-----
Stealth        | 2 |  2.7
Dodging        | 3 |  3.5
Spellcasting   | 3 4 |  4.5
Short Blades   | 1 2 |  2.4

Action                   |  1- 3 |  4- 6 |  7- 9 || total
-------------------------+-------+-------+-------++-------
Melee: Short sword       |    97 |       |       ||    97
       Punch             |     1 |     1 |       ||     2
       Dagger            |    11 |   104 |     1 ||   116
 Cast: Sandblast         |     7 |     4 |     3 ||    14
       Pain              |       |     1 |       ||     1
 Stab: Sleeping          |     5 |     5 |       ||    10
Armor: Robe              |    20 |    14 |       ||    34
Dodge: Dodged            |    86 |    69 |     4 ||   159

Table legend: (Time is in decaauts)
 A = Elapsed time spent in this place.
 B = Non-inter-level travel time spent in this place.
 C = Inter-level travel time spent in this place.
 D = Time resting spent in this place.
 E = Time spent auto-exploring this place.
 F = Levels seen in this place.
 G = Mean time per level.
                   A        B        C        D        E       F      G
               +--------+--------+--------+--------+--------+-----+--------+
         Total |   4760 |   4665 |     95 |    298 |   3096 |   5 |  952.0 |
       Dungeon |   4760 |   4665 |     95 |    298 |   3096 |   5 |  952.0 |
               +--------+--------+--------+--------+--------+-----+--------+

Top non-repeatable levels by time:
     D:1: 1904 daAuts
     D:2: 925 daAuts
     D:4: 689 daAuts
     D:3: 648 daAuts
     D:5: 592 daAuts
